 Dungeon Crawl Stone Soup version 0.29-a0-542-g075992c915 (webtiles) character file.

Game seed: 12948907964104519263

8 sammy202020 the Skirmisher (level 2, 17/24 HPs)
             Began as a Demonspawn Berserker on June 4, 2022.
             Was a Follower of Trog.
             Quit the game on level 1 of the Dungeon.
             The game lasted 00:01:23 (456 turns).

sammy202020 the Skirmisher (Demonspawn Berserker)    Turns: 456, Time: 00:01:24

Health: 17/24      AC:  3    Str: 17    XL:     2   Next: 0%
Magic:  2/2        EV: 11    Int:  8    God:    Trog [*.....]
Gold:   42         SH:  0    Dex: 12    Spells: 1/1 levels left

rFire   . . .      SeeInvis .   a - +0 hand axe
rCold   . . .      Faith    .   (no shield)
rNeg    . . .      Spirit   .   f - +0 leather armour
rPois   .          Reflect  .   (no helmet)
rElec   .          Harm     .   (no cloak)
rCorr   .          Rampage  .   (no gloves)
Will    .....                   (no boots)
Stlth   +.........              (no amulet)
HPRegen 0.08/turn               (no ring)
MPRegen 0.08/turn               (no ring)

@: no status effects
A: claws 1
a: Renounce Religion, Berserk


You were on level 1 of the Dungeon.
You worshipped Trog.
Trog was aware of your devotion.
You visited 1 branch of the dungeon, and saw 1 of its levels.

You collected 42 gold pieces.

Inventory:

Hand Weapons
 a - a +0 hand axe (weapon)
Armour
 f - a +0 leather armour (worn)
Scrolls
 b - a scroll of fog {unknown}
 c - 2 scrolls of identify {unknown}
 d - a scroll of immolation {unknown}
 h - a scroll of torment {unknown}
Potions
 e - a potion of curing {unknown}
 g - a potion of lignification {unknown}


   Skills:
 * Level 3.2 Fighting
 * Level 2.9 Axes
 + Level 1.8 Armour
 + Level 1.9 Dodging


You had one spell level left.
You didn't know any spells.
Your spell library was empty.

Dungeon Overview and Level Annotations

Branches:
Dungeon (1/15)

Altars:

Shops:
D:1 (


Innate Abilities, Weirdness & Mutations

You have sharp fingernails.


Message History

No target in view!
No target in view!
No target in view!
No target in view!
No target in view!
No target in view!
No target in view!
No target in view!
No target in view!
No target in view!
No target in view!
No target in view!
No target in view!
No target in view!
No target in view!
No target in view!
No target in view!
A rat comes into view.
Found a fuming inky potion.
A hobgoblin and a rat come into view.
The hobgoblin shouts!
A frilled lizard comes into view.
The frilled lizard hisses angrily.
The rat bites you but does no damage.
You closely miss the rat. The rat barely misses you.
You hit the rat.
You kill the rat!
Trog accepts your kill.
You hit the rat but do no damage. The rat barely misses you.
The hobgoblin hits you. The rat bites you but does no damage.
You hit the frilled lizard.
You kill the frilled lizard!
Trog accepts your kill.
You closely miss the rat. You hit the hobgoblin. The rat bites you.
The hobgoblin barely misses you. The rat bites you but does no damage.
The hobgoblin hits you.
You have reached level 2!
Your demonic ancestry asserts itself...
Your fingernails lengthen.
Are you sure you want to abandon this character and quit the game? (Confirm with "yes".)

## #. #.##### # #
#..... ....# ..
#.#....####.#. #..
##......[.##..###...
#..........#...#....
#....†@....#.......
#...#g.r##.)....##
#.!.....##..)....##.
#.#.##..##..........
#. #.#####'#..[### #
#.#....P#..##
#.#.###8# ...
..#.#..P# ###
#.#.#.##


You could see a hobgoblin and a rat.

Vanquished Creatures
  A dart slug (D:1)
  A hobgoblin (D:1)
  3 bats (D:1)
  A frilled lizard (D:1)
  A kobold (D:1)
  A rat (D:1)
8 creatures vanquished.

Vanquished Creatures (others)
  A fungus (D:1)
1 creature vanquished.

Grand Total: 9 creatures vanquished

Notes
Turn   | Place    | Note
-------+----------+-------------------------------------------
     0 | D:1      | sammy202020 the Demonspawn Berserker began the quest for
                  | the Orb.
     0 | D:1      | Reached XP level 1. HP: 18/18 MP: 1/1
   386 | D:1      | Found Loaphume's Antique Weapon Boutique.
   399 | D:1      | Found a faded altar of an unknown god.
   456 | D:1      | Gained mutation: You have sharp fingernails. [demonic
                  | ancestry]
   456 | D:1      | Reached XP level 2. HP: 17/24 MP: 2/2
   456 | D:1      | Quit the game

Illustrated notes

Levels and vault maps discovered:
D:1:      scummos_arrival_star, layout_loops_ring,
          shapermc_ecumenical_altar_ellora, serial_shops,
          nicolae_shop_advertising_works [nicolae_subvault_shop_adworks],
          minmay_tetromino_l4

Action                   || total
-------------------------++-------
Melee: Hand axe          ||    24
Invok: Berserk           ||     1
 Stab: Sleeping          ||     1
Armor: Animal skin       ||    11
       Leather armour    ||     9
Dodge: Dodged            ||    29

Table legend: (Time is in decaauts)
 A = Elapsed time spent in this place.
 B = Non-inter-level travel time spent in this place.
 C = Inter-level travel time spent in this place.
 D = Time resting spent in this place.
 E = Time spent auto-exploring this place.
 F = Levels seen in this place.
 G = Mean time per level.
                   A        B        C        D        E       F      G
               +--------+--------+--------+--------+--------+-----+--------+
         Total |    470 |    470 |      0 |      0 |    314 |   1 |  470.0 |
       Dungeon |    470 |    470 |      0 |      0 |    314 |   1 |  470.0 |
               +--------+--------+--------+--------+--------+-----+--------+

Top non-repeatable levels by time:
     D:1: 470 daAuts
